Map: Moonlight Madness LE (Void)

Players

SticklerMac - Winner!

  • Race: Zerg Zerg

DonKkosa

  • Race: Zerg Zerg

VOD

Have the link to the VOD?

Description

Time

  • Played on: Aug. 5, 2015, 6:34 p.m.
  • Length: 5:24
Show
View Real Time Build Order
Export as new Build Order

SticklerMac Zerg - Winner!

Build Orders: Pool First 

Get SALT Encoding   

  12  0:00  Drone  
  13  0:08  Drone  
  14  0:28  Spawning Pool  
  14  0:35  Overlord  
  13  0:40  Drone  
  14  0:56  Drone x2  
  16  1:04  Drone, Extractor  
  16  1:09  Drone  
  17  1:15  Queen  
  19  1:19  Drone  
  20  1:35  Drone  
  21  1:46  Drone  
  22  2:01  Overlord  
  22  2:09  Hatchery  
  22  2:13  Metabolic Boost  
  21  2:20  Drone x2  
  23  2:24  Zergling x6  
  23  2:25  Zergling x2  
  23  2:28  Zergling x2  
  28  2:39  Baneling Nest  
  28  2:41  Zergling x2  
  28  2:50  Zergling x2  
  29  2:56  Zergling x2  
  29  2:57  Overlord  
  30  2:59  Overlord  
  30  3:10  Lair  
  29  3:21  Zergling x6  
  29  3:24  Zergling x2  
  33  3:27  Zergling x2  
  33  3:30  Zergling x2  
  33  3:32  Zergling x2  
  36  3:35  Zergling x2  
  37  3:46  Zergling x6  
  40  3:49  Zergling x2  
  40  3:54  Baneling x3  
  40  3:55  Baneling  
  40  3:56  Baneling  
  40  3:59  Zergling x2  
  42  4:02  Zergling x2  
  42  4:12  Zergling x6  
  42  4:14  Zergling x2  
  45  4:38  Zergling x12  
  41  4:48  Zergling x2  
  41  4:49  Zergling x6  
  40  4:55  Zergling x2  
  41  5:02  Zergling x4  
  43  5:12  Roach Warren  
Show
View Real Time Build Order
Export as new Build Order

DonKkosa Zerg 

Build Orders: Hatch First 

Get SALT Encoding   

  12  0:01  Drone  
  13  0:09  Drone  
  14  0:41  Hatchery  
  13  0:43  Overlord  
  13  0:52  Drone  
  14  1:10  Drone x2  
  14  1:11  Drone  
  17  1:21  Drone  
  18  1:33  Drone  
  19  1:40  Extractor, Spawning Pool  
  19  1:45  Drone  
  18  1:57  Hatchery  
  18  1:58  Drone  
  17  2:04  Drone x2  
  19  2:23  Drone x3  
  22  2:32  Drone  
  22  2:36  Queen  
  23  2:37  Queen  
  23  2:39  Overlord  
  27  2:45  Overlord  
  27  2:52  Drone  
  28  2:59  Drone  
  28  3:03  Drone  
  28  3:04  Drone x2  
  32  3:18  Zergling x4  
  35  3:25  Spine Crawler  
  35  3:26  Spine Crawler  
  29  3:27  Spine Crawler  
  20  3:44  Roach Warren  
  20  3:47  Drone x3  
  22  3:53  Zergling x4  
  22  3:55  Zergling x2  
  25  3:58  Zergling x2  
  26  4:19  Drone  
  29  4:24  Roach x4  
Tags
 
Add a new tag
Caveats
  • Supply blocks, unpowered buildings, or Contaminate may cause inaccurate times.
  • Supply counts are checked every 10 seconds.